 Dungeon Crawl Stone Soup version 0.28.0-45-g0d030f2227 (webtiles) character file.

Game seed: 13817151542966563633

41 ImHallYall the Skirmisher (level 3, 0/33 HPs)
             Began as a Ghoul Fighter on Apr 7, 2022.
             Slain by Sigmund
             ... wielding a +0 scythe
              (6 damage)
             ... on level 2 of the Dungeon.
             The game lasted 00:04:25 (1684 turns).

ImHallYall the Skirmisher (Ghoul Fighter)           Turns: 1684, Time: 00:04:26

Health: 0/33       AC:  9    Str: 21    XL:     3   Next: 52%
Magic:  2/2        EV:  7    Int:  3    God:
Gold:   42         SH:  0    Dex:  8    Spells: 2/2 levels left

rFire   + . .      SeeInvis .   a - +0 long sword (freeze)
rCold   . . .      Faith    .   c - +0 buckler
rNeg    + + +      Spirit   .   h - +0 chain mail
rPois   ∞          Reflect  .   (no helmet)
rElec   .          Harm     .   (no cloak)
rCorr   .          Rampage  .   (no gloves)
Will    .....                   (no boots)
Stlth   ..........              (no amulet)
HPRegen 0.00/turn               g - ring of fire
MPRegen 0.08/turn               (no ring)

@: confused, inhibited regen
A: claws 1, cold resistance 1, negative energy resistance 3, inhibited
regeneration, torment resistance 2
a: no special abilities


You were on level 2 of the Dungeon.
You visited 1 branch of the dungeon, and saw 2 of its levels.

You collected 42 gold pieces.

Inventory:

Hand Weapons
 a - a +0 long sword of freezing (weapon)
 f - a +0 fustibalus
Missiles
 j - 5 sling bullets
Armour
 b - a +0 scale mail
 c - a +0 buckler (worn)
 h - a +0 chain mail (worn)
Jewellery
 g - a ring of fire (left claw)
Scrolls
 e - 2 scrolls of immolation
 k - a scroll of identify
 m - a scroll of teleportation {unknown}
Potions
 d - a potion of might
 i - a potion of brilliance {unknown}


   Skills:
 + Level 3.8 Fighting
 + Level 2.2 Long Blades
 + Level 3.1 Armour
 + Level 2.9 Shields


You had 2 spell levels left.
You didn't know any spells.
Your spell library contained the following spells:

 Spells                   Type           Power      Damage    Failure   Level
 Apportation              Tloc           0%         N/A       100%        1
 Alistair's Intoxication  Tmut/Pois      0%         N/A       100%        5


Dungeon Overview and Level Annotations

Branches:
Dungeon (2/15)

Altars:
Okawaru

Shops:
D:1 (

Annotations:
D:2 Sigmund


Innate Abilities, Weirdness & Mutations

You thrive by killing the living.
You are immune to poison.
You have sharp fingernails.
Your flesh is cold resistant. (rC+)
You are immune to negative energy. (rN+++)
You do not regenerate when monsters are visible.
You are immune to unholy pain and torment.


Message History

The jackal bites you but does no damage.
The jackal barely misses you.
You closely miss the jackal.
The jackal is almost dead.
The jackal closely misses you.
You barely miss the jackal.
The jackal is almost dead.
Sigmund shouts!
The jackal bites you but does no damage.
Sigmund casts a spell.
Sigmund flickers and vanishes!
Deactivating autopickup; reactivate with Ctrl-A.
The jackal bites you but does no damage.
You hit the jackal. You freeze the jackal.
You kill the jackal!
You see here a jackal corpse.
Something hits you.
Found a leather armour.
Something hits you. Something hits you!
You hear some strange, mumbled words.
You are confused.
You're too confused to move!
You're too confused to move!
Something hits you.
Unknown command.
You hear some strange, mumbled words.
Something tries to affect you, but you resist.
Something hits you.
* * * LOW HITPOINT WARNING * * *
You bump into the rock wall.
You feel better. Something hits you.
* * * LOW HITPOINT WARNING * * *
A puff of flame appears from out of thin air!
The puff of flame hits you but does no damage.
You are confused.
You bump into the rock wall.
You bump into the rock wall.
You bump into the rock wall.
Something hits you.
You die...

#..##.#..# #..##..#.##
#.......... #...#.##..†
#.....##.#. #############
##..........
>...........#######....#.##.##
#.##.........#.......####.##.##
###.##.........#@####### #......
..#.##.........#.# ##.#..#
#'#'##...........# #.#...
.........######..# #...
.........>..###..## #.###.
........)##.......# #.....
.........##.####..# ### ######
.........##.####..#####.#########
#.#.............<................


There were no monsters in sight!

Vanquished Creatures
  2 dart slugs (D:1)
  5 ball pythons
  2 bats
  2 goblins (D:1)
  2 hobgoblins (D:1)
  5 jackals
  2 quokkas
  5 frilled lizards
  4 kobolds
  6 rats
35 creatures vanquished.

Notes
Turn   | Place    | Note
-------+----------+-------------------------------------------
     0 | D:1      | ImHallYall the Ghoul Fighter began the quest for the Orb.
     0 | D:1      | Reached XP level 1. HP: 19/19 MP: 0/0
   539 | D:1      | Reached XP level 2. HP: 26/26 MP: 1/1
   874 | D:1      | Found Okuerel's Antique Weapon Emporium.
   953 | D:1      | Reached XP level 3. HP: 33/33 MP: 2/2
  1270 | D:2      | Found an iron altar of Okawaru.
  1631 | D:2      | Noticed Sigmund
  1684 | D:2      | Slain by Sigmund

Illustrated notes

Levels and vault maps discovered:
D:1:      amcnicky_arrival_flooded_fountain, layout_basic, serial_shops,
          nicolae_lakefront_shop, dk_noncrumbling_3
D:2:      layout_basic, basic_altar, chequers_serial_rivers_small_3,
          hangedman_abyss_or_decor_lesser_grid, uniq_sigmund

Skill      XL: |  1  2  3 |
---------------+----------+-----
Armour         | 3 |  3.1
Long Blades    | 2 |  2.2
Fighting       | |  3.8
Shields        | |  2.9

Action                   || total
-------------------------++-------
Melee: Long sword        ||    99
  Use: Scroll            ||     4
       Potion            ||     1
Armor: Scale mail        ||    21
       Chain mail        ||    54
Dodge: Dodged            ||    67
Block: Buckler           ||    23
